 Dungeon Crawl Stone Soup version 0.28-a0-1506-g3893175d92 (webtiles) character file.

Game seed: 5481079807633665395

311 Zonian the Ducker (level 6, -2/40 HPs)
             Began as a Djinni Ice Elementalist on Jan 14, 2022.
             Slain by a kobold brigand (5 damage)
             ... in a sewer.
             The game lasted 00:06:35 (5364 turns).

Zonian the Ducker (Djinni Ice Elementalist)         Turns: 5364, Time: 00:06:35

Health: -2/40      AC:  3    Str:  7    XL:     6   Next: 70%
Gold:   58         EV: 14    Int: 18    God:
                   SH:  0    Dex: 14

rFire   + + .      SeeInvis .   d - +0 dagger
rCold   x . .      Faith    .   (no shield)
rNeg    . . .      Spirit   .   a - +0 robe
rPois   ∞          Reflect  .   f - +0 helmet
rElec   .          Harm     .   (no cloak)
rCorr   .          Rampage  .   (no gloves)
Will    .....                   (boots unavailable)
Stlth   ++........              (no amulet)
HPRegen 0.13/turn               (no ring)
MPRegen 0.00/turn               (no ring)

@: flying
A: sickness immunity, fire resistance 2, cold vulnerability 1, float, innate
caster, hp casting, extra vitality 1
a: no special abilities


You were in a sewer.
You visited 1 branch of the dungeon, and saw 3 of its levels.
You also visited: Sewer.

You collected 58 gold pieces.

Inventory:

Hand Weapons
 d - a +0 dagger (weapon)
Armour
 a - a +0 robe (worn)
 f - a +0 helmet (worn)
Jewellery
 c - a +6 ring of strength
Scrolls
 j - a scroll of magic mapping {unknown}
 k - a scroll of summoning {unknown}
 m - 2 scrolls of identify {unknown}
 n - a scroll of immolation {unknown}
Potions
 b - 4 potions of brilliance {unknown}
 e - 3 potions of haste {unknown}
 g - a potion of attraction {unknown}
 h - 2 potions of curing {unknown}
 i - a potion of might {unknown}
 l - a potion of invisibility {unknown}


   Skills:
 + Level 5.0 Dodging
 - Level 2.6 Stealth
 + Level 4.5 Spellcasting


You couldn't memorise any spells.
You knew the following spells:

 Your Spells              Type           Power      Damage    Failure   Level
a - Freeze                Ice            80%        1d9       2%          1
b - Frozen Ramparts       Ice            40%        1d6       6%          3
c - Ozocubu's Armour      Ice            20%        N/A       6%          3
d - Hailstorm             Conj/Ice       20%        3d6       22%         4
e - Apportation           Tloc           40%        N/A       2%          1
f - Static Discharge      Conj/Air       20%        N/A       3%          2
Your spell library was empty.

Dungeon Overview and Level Annotations

Branches:
Dungeon (3/15)              Sewer (1/1)

Altars:


Innate Abilities, Weirdness & Mutations

You are immune to sickness and miasma.
You are immune to poison.
Your flesh is very heat resistant. (rF++)
You are vulnerable to cold. (rC-)
You float through the air rather than walking.
You learn spells naturally, not from books.
Your magical power is your life essence.
You have superior vitality. (+4 MHP)


Message History

The wall freezes the kobold brigand.
The kobold brigand hits you with a +0 dagger.
The wall freezes the kobold brigand.
You hit the kobold brigand.
The kobold brigand is severely wounded.
The wall freezes the kobold brigand.
The kobold brigand misses you.
The wall freezes the kobold brigand.
You hit the kobold brigand but do no damage.
The kobold brigand is severely wounded.
The wall freezes the kobold brigand.
The kobold brigand hits you with a +0 dagger.
The wall freezes the kobold brigand.
You hit the kobold brigand but do no damage.
The kobold brigand is severely wounded.
The wall freezes the kobold brigand.
The kobold brigand completely misses you.
The wall freezes the kobold brigand.
You barely miss the kobold brigand.
The kobold brigand is almost dead.
The wall freezes the kobold brigand.
You kill the kobold brigand!
The wall freezes the kobold brigand.
Your Dodging skill increases to level 5!
Unknown command.
You closely miss the kobold brigand.
The kobold brigand is severely wounded.
The frozen ramparts melt away.
The kobold brigand hits you with a +0 short sword.
You hit the kobold brigand.
The kobold brigand is severely wounded.
The kobold brigand hits you with a +0 short sword.
Unknown command.
You closely miss the kobold brigand.
The kobold brigand is severely wounded.
The kobold brigand hits you with a +0 short sword!
* * * LOW HITPOINT WARNING * * *
You closely miss the kobold brigand.
The kobold brigand is severely wounded.
The kobold brigand hits you with a +0 short sword.
You die...

## ##### ### ##.#
##≈≈.## ##≈.
##...#####≈..≈.#####.≈.
#..≈!K@...≈≈...≈≈≈≈≈≈≈.
##.!.#####.≈≈..#####...
##.# ##.≈.## ##.. ##
##≈## ##≈ #≈# #≈ #≈# #≈
##### ##≈## ##≈ ##.≈.##
##.≈≈## ##..
#..≈..####≈....#####..≈


You could see a kobold brigand.

Vanquished Creatures
  3 kobold brigands (Sewer)
  3 adders
  A river rat (D:3)
  A worm (Sewer)
  3 dart slugs
  8 endoplasms
  3 giant cockroaches (D:3)
  6 goblins
  3 hobgoblins
  3 quokkas
  7 ball pythons
  5 bats
  6 frilled lizards
  13 kobolds
  7 rats
72 creatures vanquished.

Notes
Turn   | Place    | Note
-------+----------+-------------------------------------------
     0 | D:1      | Zonian the Djinni Ice Elementalist began the quest for the
                  | Orb.
     0 | D:1      | Reached XP level 1. HP: 15/15 MP: 0/0
   294 | D:1      | Reached XP level 2. HP: 20/21 MP: 0/0
   902 | D:1      | Reached XP level 3. HP: 22/25 MP: 0/0
   902 | D:1      | Learned a level 1 spell: Apportation
  1078 | D:1      | Found a faded altar of an unknown god.
  1787 | D:1      | Reached skill level 3 in Dodging
  2281 | D:2      | Reached XP level 4. HP: 16/31 MP: 0/0
  3759 | D:3      | Found a glowing drain.
  3767 | Sewer    | Entered a sewer
  4514 | Sewer    | Noticed a kobold brigand
  4530 | Sewer    | Killed a kobold brigand
  4531 | Sewer    | Reached skill level 4 in Dodging
  4531 | Sewer    | Reached XP level 5. HP: 27/35 MP: 0/0
  4531 | Sewer    | Learned a level 2 spell: Static Discharge
  4745 | Sewer    | Noticed a kobold brigand
  4756 | Sewer    | Killed a kobold brigand
  4757 | Sewer    | Reached XP level 6. HP: 15/40 MP: 0/0
  5361 | Sewer    | Reached skill level 5 in Dodging
  5364 | Sewer    | Slain by a kobold brigand

Illustrated notes

Levels and vault maps discovered:
D:1:      minmay_arrival_diagonal_passages, layout_loops_corners,
          ebering_ecumenical_altar_sacrificial
D:2:      layout_basic
D:3:      layout_rooms, gammafunk_ghost_abyssal_escape, gup_sewer_entry_bubbles
Sewer:    sewer_co_15_rooms

Skill      XL: |  1  2  3  4  5  6 |
---------------+-------------------+-----
Stealth        | 2 |  2.6
Dodging        | 3 4 5 |  5.0
Spellcasting   | 4 |  4.5

Action                   |  1- 3 |  4- 6 || total
-------------------------+-------+-------++-------
Melee: Dagger            |    21 |    65 ||    86
       Unarmed           |     2 |       ||     2
       Punch             |       |     2 ||     2
 Cast: Freeze            |    45 |    59 ||   104
       Frozen Ramparts   |       |     2 ||     2
  Use: Scroll            |     1 |     2 ||     3
 Stab: Sleeping          |     1 |     4 ||     5
Armor: Robe              |    18 |    14 ||    32
Dodge: Dodged            |    41 |    60 ||   101

Table legend: (Time is in decaauts)
 A = Elapsed time spent in this place.
 B = Non-inter-level travel time spent in this place.
 C = Inter-level travel time spent in this place.
 D = Time resting spent in this place.
 E = Time spent auto-exploring this place.
 F = Levels seen in this place.
 G = Mean time per level.
                   A        B        C        D        E       F      G
               +--------+--------+--------+--------+--------+-----+--------+
         Total |   5366 |   5223 |    143 |   2203 |   2236 |   4 | 1341.5 |
       Dungeon |   3770 |   3627 |    143 |   1202 |   1838 |   3 | 1256.7 |
         Sewer |   1596 |   1596 |      0 |   1001 |    398 |   1 | 1596.0 |
               +--------+--------+--------+--------+--------+-----+--------+

Top non-repeatable levels by time:
     D:1: 2229 daAuts
   Sewer: 1596 daAuts
     D:2: 1076 daAuts
     D:3: 463 daAuts
